 Dungeon Crawl Stone Soup version 0.18.1-50-g88ac8fd (webtiles) character file.

30974 PhynixH2O the Fighter (level 13, -3/106 HPs)
             Began as a Demonspawn Berserker on Oct 30, 2016.
             Was a High Priest of Trog.
             Slain by an eight-headed hydra (6 damage)
             ... on level 1 of the Swamp on Oct 31, 2016.
             The game lasted 01:42:10 (14818 turns).

PhynixH2O the Fighter (Demonspawn Berserker)       Turns: 14818, Time: 01:42:11

Health: -3/106     AC: 22    Str: 28    XL:     13   Next: 23%
Magic:  13/13      EV: 11    Int: 15    God:    Trog [*****.]
Gold:   1480       SH:  5    Dex: 12    Spells: 0 memorised, 12 levels left

rFire  . . .     SeeInvis .     V - +2 morningstar (flame)
rCold  . . .     Gourm    .     A - +1 plate armour
rNeg   . . .     Faith    .     (no shield)
rPois  +         Spirit   .     b - +0 helmet "Kyll" {Int+6}
rElec  .         Dismiss  .     (no cloak)
rCorr  .         Reflect  +     K - +0 pair of gloves
SustAt .         Harm     .     (no boots)
MR     .....                    f - +5 amulet of reflection
Stlth  ..........               Y - ring of poison resistance
                                d - +5 ring of strength

@: exhausted, not resistant to hostile enchantments, extremely unstealthy
A: talons 2, yellow scales 2, foul stench 1, spiny 3, rot immunity
a: Berserk, Trog's Hand, Brothers in Arms, Burn Spellbooks, Renounce Religion


You were on level 1 of the Swamp.
You worshipped Trog.
Trog was extremely pleased with you.
You were not hungry.

You visited 4 branches of the dungeon, and saw 18 of its levels.
You also visited: Volcano.

You collected 1480 gold pieces.

Inventory:

Hand Weapons
 V - a +2 morningstar of flaming (weapon)
Missiles
 z - 3 javelins of returning (quivered)
Armour
 b - the +0 helmet "Kyll" (worn) {Int+6}
   (You found it in a volcano)

   It affects your intelligence (+6).
 A - a +1 plate armour (worn)
 K - a +0 pair of gloves (worn)
Jewellery
 d - a +5 ring of strength (left hand)
 f - a +5 amulet of reflection (around neck)
 p - an uncursed ring of fire {unknown}
 u - an uncursed ring of positive energy
 x - an uncursed amulet of harm {unknown}
 y - an uncursed ring of see invisible
 H - a +2 ring of protection
 O - an uncursed ring of protection from cold
 P - an uncursed amulet of dismissal
 W - an uncursed ring of ice
 Y - a ring of poison resistance (right hand)
Scrolls
 a - a scroll of vulnerability {unknown}
 e - a scroll of immolation {unknown}
 g - 3 scrolls of teleportation
 l - 2 scrolls of random uselessness {unknown}
 r - 4 scrolls of identify
 s - 2 scrolls of enchant armour
 v - 9 scrolls of remove curse
 w - a scroll of fog {unknown}
 I - a scroll of fear
 M - 2 scrolls of enchant weapon
 R - a scroll of blinking {unknown}
 T - a scroll of magic mapping {unknown}
 X - a scroll of holy word {unknown}
Potions
 h - a potion of cancellation {unknown}
 i - 5 potions of curing
 k - a potion of resistance {unknown}
 n - 2 potions of heal wounds
 o - a potion of cure mutation {unknown}
 B - 4 potions of flight
 F - a potion of ambrosia {unknown}
 G - a potion of lignification {unknown}
 J - 2 potions of haste
 L - a potion of degeneration {unknown}
 N - a potion of brilliance {unknown}
 Q - 2 potions of magic {unknown}
 S - a potion of invisibility {unknown}
 U - a potion of might {unknown}
Comestibles
 c - 14 bread rations
 j - 10 beef jerkies
 m - 7 meat rations
 C - 2 slices of pizza
 D - a royal jelly
 E - 13 fruits


   Skills:
 + Level 11.4 Fighting
   Level 11.3(11.9) Axes
 * Level 6.4(9.8) Maces & Flails
 - Level 11.1 Armour
 * Level 7.5 Dodging
   Level 0.6 Shields


You had 12 spell levels left.
You didn't know any spells.

Dungeon Overview and Level Annotations

Branches:
Dungeon (11/15)            Temple (1/1) D:6            Lair (5/8) D:10
  Swamp (1/4) Lair:4        Snake (0/4) Lair:5
    Orc: D:9-12

Altars:
Ashenzari
Cheibriados
Dithmenos
Elyvilon
Fedhas
Gozag
Kikubaaqudgha
Makhleb
Nemelex Xobeh
Okawaru
Pakellas
Qazlal
Ru
Sif Muna
Trog
Vehumet
Xom
Yredelemnul
Zin
The Shining One

Annotations:
Lair:4 exclusion: oklob plant, Rupert


Innate Abilities, Weirdness & Mutations

You have razor-sharp toenails.
You are mostly covered in yellow scales (AC +3).
You may emit foul miasma when damaged in melee.
You are completely covered in sharp spines.
You are immune to rotting.


Message History

The eight-headed hydra bites you but does no damage. x2
The eight-headed hydra bites you!
* * * LOW HITPOINT WARNING * * *
The eight-headed hydra bites you but does no damage.
The eight-headed hydra barely misses you. x2
The eight-headed hydra bites you but does no damage.
You block the eight-headed hydra's attack.
The eight-headed hydra barely misses you.
The eight-headed hydra bites you but does no damage.
The eight-headed hydra bites you.
* * * LOW HITPOINT WARNING * * *
The eight-headed hydra looks more healthy.
The eight-headed hydra is struck by your spines.
The eight-headed hydra closely misses you. x3
The eight-headed hydra bites you but does no damage. x2
You block the eight-headed hydra's attack.
The eight-headed hydra bites you but does no damage. x2
The eight-headed hydra is struck by your spines.
The eight-headed hydra bites you.
You die...

.♣.≈♣♣ ♣♣♣ ♣.♣ ♣.♣
≈≈.≈.♣ ♣♣.♣♣ ♣.♣♣
♣.♣ ≈≈≈≈.♣ ♣...♣
♣♣..♣ ♣.♣ ♣...≈♣♣
♣♣..♣ ♣..}♣♣♣.♣
≈≈≈♣≈.♣ ♣≈.♣
♣.≈..♣♣.♣ ≈≈≈♣..♣
♣≈.♣ ♣.≈≈.♣♣.♣
...♣..♣♣
♣..♣♣♣♣..≈≈≈♣.♣♣
..♣♣...♣
♣♣..♣♣...≈≈....♣
≈♣♣♣♣..♣
♣♣..D@≈≈.≈♣.≈≈.♣♣ ≈♣
♣.≈.♣
♣.≈≈≈≈≈≈.≈≈.....♣♣
♣♣ ♣♣..♣♣
♣≈≈≈≈≈.≈.≈...♣♣..♣♣
♣ ♣♣..♣
♣.≈≈≈≈...≈.≈≈♣♣♣≈≈♣
.
♣D≈♣♣♣♣....≈≈.≈♣..♣♣
♣♣.♣ ♣
♣...♣♣..♣♣♣♣♣....♣♣
♣♣♣ ♣♣..♣♣...♣
♣♣.≈♣♣ ♣...♣..♣♣
♣..♣ ♣......♣ ♣..♣♣


You could see an eight-headed hydra.

Vanquished Creatures
  A very ugly thing (Swamp:1)
  Harold (Lair:4)
  A hydra (Lair:4)
  A centaur warrior (D:10)
  3 death yaks
  An iron golem (D:7)
  Sonja (Lair:4)
  An unseen horror (D:10)
  A swamp dragon (Swamp:1)
  A hill giant (D:10)
  A shambling mangrove (Swamp:1)
  A cyclops (D:9)
  2 black mambas
  8 spiny frogs
  8 komodo dragons
  A troll (D:10)
  3 red devils (Volcano)
  9 blink frogs
  2 giant leeches (Swamp:1)
  Prince Ribbit (D:8)
  A slime creature (D:6)
  4 bog bodies (Swamp:1)
  A shadow (Swamp:1)
  17 yaks
  A basilisk (Lair:3)
  5 hippogriffs
  A swamp worm (Swamp:1)
  4 insubstantial wisps (Lair:4)
  3 nagas (Lair:5)
  2 hell hounds (Volcano)
  4 water moccasins
  Duvessa (D:6)
  6 porcupines
  An orc warrior (D:10)
  A swamp drake (Swamp:1)
  An ice beast (D:6)
  2 eyes of draining
  A phantom (D:9)
  A wasp (D:8)
  2 black bears
  A necrophage (D:10)
  6 ogres
  12 wolves
  8 centaurs
  5 crocodiles
  2 big kobolds (D:9)
  11 giant frogs
  A gnoll sergeant (D:9)
  Dowan (D:6)
  5 scorpions
  2 troll zombies (Swamp:1)
  A water moccasin skeleton (D:10)
  4 wights (D:7)
  2 howler monkeys
  4 crimson imps
  A giant frog zombie (D:5)
  A jelly (D:6)
  3 centaur skeletons
  A giant frog skeleton (D:4)
  7 hounds
  5 orc wizards
  14 iguanas
  3 orc priests
  13 worker ants
  A killer bee zombie (D:7)
  12 sheep
  A hound zombie (D:10)
  2 worker ant zombies
  A howler monkey skeleton (D:6)
  8 adders
  4 gnolls (D:3)
  37 river rats
  3 shadow imps
  2 oozes
  6 adder skeletons
  3 worms
  2 dart slugs
  6 giant geckos
  27 orcs
  3 ball pythons
  3 giant cockroaches
  3 goblins
  10 hobgoblins
  8 jackals
  3 quokkas
  5 bats
  5 giant newts
  A jackal zombie (D:5)
  12 kobolds
  A quokka skeleton (D:4)
  2 quokka zombies
  2 rats (D:1)
  A bush (D:6)
  4 fungi
  A plant (D:3)
399 creatures vanquished.

Vanquished Creatures (collateral kills)
  A death yak (Lair:4)
1 creature vanquished.

Vanquished Creatures (others)
  A fungus (Lair:3)
  A plant (Lair:3)
2 creatures vanquished.

Grand Total: 402 creatures vanquished

Notes
Turn   | Place    | Note
--------------------------------------------------------------
     0 | D:1      | PhynixH2O the Demonspawn Berserker began the quest for the Orb.
     0 | D:1      | Reached XP level 1. HP: 18/18 MP: 1/1
   271 | D:1      | Gained mutation: You have sharp toenails. [demonic ancestry]
   271 | D:1      | Reached XP level 2. HP: 24/24 MP: 2/2
  1038 | D:2      | Reached ** piety under Trog
  1038 | D:2      | Gained mutation: You are partially covered in yellow scales (AC +2). [demonic ancestry]
  1038 | D:2      | Reached XP level 3. HP: 18/29 MP: 3/3
  1212 | D:2      | Found a bloodstained altar of Trog.
  1228 | D:2      | Found a radiant altar of Vehumet.
  1247 | D:2      | Found a shadowy altar of Dithmenos.
  1261 | D:2      | Found an opulent altar of Gozag.
  1271 | D:2      | Found a basalt altar of Yredelemnul.
  1575 | D:3      | Found a sparkling altar of Nemelex Xobeh.
  1623 | D:3      | Gained mutation: You are mostly covered in yellow scales (AC +3). [demonic ancestry]
  1623 | D:3      | Reached XP level 4. HP: 27/37 MP: 4/4
  2040 | D:3      | Found a blossoming altar of Fedhas.
  2148 | D:3      | Gained mutation: You are partially covered in sharp spines. [demonic ancestry]
  2148 | D:3      | Reached XP level 5. HP: 31/42 MP: 5/5
  2364 | D:3      | Reached *** piety under Trog
  2428 | D:4      | Noticed an ogre
  2436 | D:4      | Killed an ogre
  2436 | D:4      | Gained mutation: You are mostly covered in sharp spines. [demonic ancestry]
  2436 | D:4      | Reached XP level 6. HP: 48/48 MP: 6/6
  3028 | D:4      | Found a blossoming altar of Fedhas.
  3165 | D:5      | Entered Level 5 of the Dungeon
  3193 | D:5      | Found an oddly glowing altar of Pakellas.
  3222 | D:5      | Gained mutation: You are completely covered in sharp spines. [demonic ancestry]
  3222 | D:5      | Reached XP level 7. HP: 45/55 MP: 7/7
  3330 | D:5      | Found an iron altar of Okawaru.
  3660 | D:5      | Found a glowing golden altar of the Shining One.
  3716 | D:5      | Found a shimmering altar of Xom.
  3725 | D:5      | Reached skill level 5 in Axes
  3855 | D:6      | Noticed Duvessa
  3856 | D:6      | Noticed Dowan
  3864 | D:6      | Reached skill level 5 in Fighting
  3871 | D:6      | Killed Duvessa
  3872 | D:6      | Gained mutation: You are immune to rotting. [demonic ancestry]
  3872 | D:6      | Reached XP level 8. HP: 62/62 MP: 8/8
  3878 | D:6      | Killed Dowan
  3878 | D:6      | Reached skill level 5 in Armour
  3929 | D:6      | Reached **** piety under Trog
  3955 | D:6      | Found a staircase to the Ecumenical Temple.
  4203 | D:6      | Found a burning altar of Makhleb.
  4216 | D:6      | Found a shattered altar of Ashenzari.
  4385 | D:6      | Found a shadowy altar of Dithmenos.
  4459 | D:6      | You fall through a shaft for 3 floors!
  4747 | D:8      | Found a white marble altar of Elyvilon.
  5292 | D:8      | Noticed Prince Ribbit
  5296 | D:8      | Killed Prince Ribbit
  5813 | D:7      | Gained mutation: You have razor-sharp toenails. [demonic ancestry]
  5813 | D:7      | Reached XP level 9. HP: 69/69 MP: 9/9
  6274 | D:7      | Found an ancient bone altar of Kikubaaqudgha.
  6506 | D:6      | Reached skill level 5 in Dodging
  6550 | D:6      | Reached ***** piety under Trog
  6799 | D:9      | Reached XP level 10. HP: 78/79 MP: 10/10
  6899 | D:9      | Received a gift from Trog
  7008 | D:9      | Noticed a cyclops
  7028 | D:9      | Killed a cyclops
  7427 | D:10     | Entered Level 10 of the Dungeon
  7547 | D:10     | Found a staircase to the Lair.
  7553 | D:10     | Noticed a hill giant
  7578 | D:10     | Killed a hill giant
  7928 | D:10     | Noticed a centaur warrior
  7933 | D:10     | Killed a centaur warrior
  7938 | D:10     | Reached XP level 11. HP: 86/86 MP: 11/11
  8020 | D:10     | Got a jewelled leather armour
  8343 | D:10     | Killed an unseen horror
  8916 | Temple   | Entered the Ecumenical Temple
  9081 | D:8      | Noticed an iron golem
  9081 | D:8      | Noticed an iron golem
  9081 | D:8      | Noticed an iron golem
  9081 | D:8      | Noticed an iron golem
  9105 | D:7      | Killed an iron golem
  9105 | D:7      | Reached skill level 10 in Armour
  9299 | Lair:1   | Entered Level 1 of the Lair of Beasts
  9346 | Lair:1   | Received a gift from Trog
  9382 | Lair:1   | Reached skill level 10 in Axes
 11191 | Lair:2   | Received a gift from Trog
 11364 | Lair:3   | Noticed a death yak
 11422 | Lair:3   | Noticed a death yak
 11423 | Lair:3   | Noticed a death yak
 11434 | Lair:3   | Noticed a death yak
 11437 | Lair:3   | Killed a death yak
 11437 | Lair:3   | Gained mutation: You may emit foul miasma when damaged in melee. [demonic ancestry]
 11437 | Lair:3   | Reached XP level 12. HP: 96/96 MP: 12/12
 11521 | Lair:4   | Killed a death yak
 11522 | Lair:4   | Noticed Rupert
 11631 | Lair:4   | Noticed Sonja
 11851 | Lair:5   | Found a dark tunnel.
 11960 | Lair:5   | Found a staircase to the Snake Pit.
 12175 | Volcano  | Entered a volcano
 12208 | Volcano  | Reached skill level 10 in Fighting
 12244 | Volcano  | Got a bloodstained helmet
 12257 | Volcano  | Identified the +0 helmet "Kyll" {Int+6} (You found it in a volcano)
 12913 | Lair:4   | Reached skill level 1 in Maces & Flails
 12930 | Lair:4   | Noticed a six-headed hydra
 12949 | Lair:4   | Killed Sonja
 12979 | Lair:4   | Killed a six-headed hydra
 13260 | Lair:4   | Found a staircase to the Swamp.
 13408 | Lair:4   | Noticed Harold
 13429 | Lair:4   | Killed Harold
 13553 | Lair:3   | Killed a death yak
 13553 | Lair:3   | Received a gift from Trog
 14378 | Lair:4   | Killed a death yak
 14378 | Lair:4   | Reached skill level 5 in Maces & Flails
 14378 | Lair:4   | Reached XP level 13. HP: 100/106 MP: 13/13
 14475 | Swamp:1  | Entered Level 1 of the Swamp
 14700 | Swamp:1  | Noticed a cyan very ugly thing
 14706 | Swamp:1  | Killed a cyan very ugly thing
 14814 | Swamp:1  | HP: 4/106 [eight-headed hydra (7)]
 14818 | Swamp:1  | Slain by an eight-headed hydra

Skill      XL: |  1  2  3  4  5  6  7  8  9 10 11 12 13 |
---------------+----------------------------------------+-----
Armour         | 2 3 4 6 8 9 11 | 11.1
Axes           | 3 4 5 6 7 9 10 11 | 11.3
Dodging        | 2 3 4 5 7 |  7.5
Fighting       | 4 5 7 8 9 11 | 11.4
Maces & Flails | 5 6 |  6.4
Shields        | |  0.6

Action                   |  1- 3 |  4- 6 |  7- 9 | 10-12 | 13-15 || total
-------------------------+-------+-------+-------+-------+-------++-------
Melee: Hand axe          |   138 |   192 |   230 |    77 |       ||   637
       Kick              |    32 |    80 |    90 |   184 |    28 ||   414
       Battleaxe         |       |       |       |    71 |       ||    71
       War axe           |       |       |       |   207 |       ||   207
       Morningstar       |       |       |       |   134 |    73 ||   207
Invok: Berserk           |       |     3 |     4 |     9 |     2 ||    18
       Trog's Hand       |       |       |     1 |     7 |     2 ||    10
       Burn Spellbooks   |       |       |       |     2 |       ||     2
       Brothers in Arms  |       |       |       |     1 |       ||     1
  Use: Scroll            |     3 |       |       |    15 |       ||    18
       Potion            |       |       |       |     5 |       ||     5
 Stab: Confused          |       |       |       |       |     2 ||     2
  Eat: Chunk             |     2 |     9 |    16 |    22 |     1 ||    50
       Bread ration      |       |       |       |     3 |     1 ||     4
Armor: Chain mail        |    39 |       |       |       |       ||    39
       Animal skin       |     1 |       |       |       |       ||     1
       Scale mail        |    22 |    41 |       |       |       ||    63
       Plate armour      |       |    12 |   130 |   230 |    49 ||   421
Dodge: Dodged            |    67 |    45 |    61 |   202 |    47 ||   422
Block: Buckler           |     2 |    20 |    46 |     9 |       ||    77
       Other             |       |       |       |    27 |    17 ||    44
       Reflection        |       |       |       |     1 |       ||     1
